 Dungeon Crawl Stone Soup version 0.27.1-34-g3ba077fa99 (webtiles) character file.

Game seed: 16030408015942407656

118 Descartes the Grasshopper (level 5, -1/38 HPs)
             Began as a Formicid Warper on Jan 22, 2022.
             Slain by an ogre (8 damage)
             ... on level 4 of the Dungeon.
             The game lasted 00:04:22 (4178 turns).

Descartes the Grasshopper (Formicid Warper)         Turns: 4178, Time: 00:04:22

Health: -1/38      AC:  6    Str: 16    XL:     5   Next: 23%
Magic:  8/8        EV:  9    Int: 13    God:
Gold:   157        SH:  5    Dex: 10    Spells: 8/8 levels left

rFire    . . .     SeeInvis +   y - +0 falchion (drain)
rCold    . . .     Faith    .   (no shield)
rNeg     + . .     Spirit   .   z - +0 scale mail
rPois    .         Reflect  +   (helmet unavailable)
rElec    .         Harm     .   (no cloak)
rCorr    .         Rampage  .   (no gloves)
Will     .....                  (no boots)
Stlth    ..........             k - amulet of reflection
HPRegen  0.12/turn              l - ring of positive energy
MPRegen  0.11/turn              (no ring)

@: no status effects
A: permanent stasis, dig shafts and tunnels, antennae 3, four strong arms
a: Dig, Shaft Self


You were on level 4 of the Dungeon.
You visited 1 branch of the dungeon, and saw 4 of its levels.

You collected 157 gold pieces.

Inventory:

Hand Weapons
 a - a +0 mace
 m - a +0 short sword of venom
 y - a +0 falchion of draining (weapon)
Missiles
 c - 5 boomerangs of dispersal (quivered)
 e - 2 throwing nets
 f - 7 atropa-tipped darts
 h - 76 stones
Armour
 z - a +0 scale mail (worn)
Jewellery
 k - an amulet of reflection (around neck)
 l - a ring of positive energy (left hand)
Wands
 r - a wand of digging (5)
Scrolls
 b - a scroll of identify {unknown}
 d - a scroll of noise {unknown}
 i - 3 scrolls of enchant weapon {unknown}
 j - 2 scrolls of immolation {unknown}
 n - a scroll of amnesia {unknown}
 o - a scroll of magic mapping {unknown}
 p - a scroll of fog {unknown}
 t - a scroll of blinking {unknown}
 u - a scroll of fear {unknown}
 v - a scroll of brand weapon {unknown}
Potions
 g - a potion of degeneration {unknown}
 q - a potion of curing {unknown}
 s - a potion of brilliance {unknown}
 w - a potion of flight {unknown}
 x - a potion of might {unknown}


   Skills:
 - Level 2.1 Fighting
 - Level 2.0 Maces & Flails
 - Level 1.0 Throwing
 + Level 3.6 Armour
 - Level 1.7 Dodging
 - Level 2.1 Spellcasting
 + Level 4.0 Translocations


You had 8 spell levels left.
You didn't know any spells.
Your spell library contained the following spells:

 Spells                   Type           Power      Damage    Failure   Level
 Gell's Gravitas          Tloc           5%         N/A       43%         3
 Lesser Beckoning         Tloc           5%         N/A       43%         3
 Teleport Other           Tloc           11%        N/A       43%         3
 Sting                    Tmut/Pois      4%         1d3       65%         1
 Poisonous Vapours        Pois/Air       2%         N/A       78%         2
 Manifold Assault         Tloc           11%        N/A       99%         5
 Olgreb's Toxic Radiance  Pois           1%         N/A       100%        4
 Blink                    Tloc           Unusable   N/A       N/A         2

Dungeon Overview and Level Annotations

Branches:
Dungeon (4/15)
 Temple: D:4-7

Altars:
Elyvilon


Innate Abilities, Weirdness & Mutations

You cannot be hasted, slowed, berserked, paralysed or teleported.
You can dig through walls and to a lower floor.
You have a pair of large antennae on your head. (SInv)
Your four strong arms can wield two-handed weapons with a shield.


Message History

You hit the giant cockroach. You drain the giant cockroach.
You kill the giant cockroach!
No target in view!
No target in view!
No target in view!
No target in view!
No target in view!
No target in view!
No target in view!
No target in view!
You see here a giant cockroach corpse.
b - a scroll labelled JOHULE FINO You now have 157 gold pieces (gained 11).
v - a scroll labelled BUORCH REPTUHAS You sense a monster nearby.
A goblin comes into view. It is wielding a +0 dagger.
The goblin shouts!
You hit the goblin.
You kill the goblin!
You see here a +0 dagger.
Found a stone staircase leading up.
Done exploring.
Done exploring.
There is a stone staircase leading down here.
You climb downwards.
There is a stone staircase leading up here.
You sense a monster nearby.
Found a glowing wooden wand.
No target in view!
An ogre comes into view. It is wielding a +0 giant club.
You barely miss the ogre. The ogre hits you with a +0 giant club!
You hit the ogre. You drain the ogre.
The ogre is moderately wounded.
The ogre hits you with a +0 giant club!!
Ouch! That really hurt!
* * * LOW HITPOINT WARNING * * *
You are too injured to fight recklessly!
There is a stone staircase leading up here.
The ogre hits you with a +0 giant club!
You die...

#### ..# ..
#.#
...####.#####
......./....##
#........#
#.#.###..# #
#...#O.#
.#.###.#@.#
...........#
...........#
##....#.####
##.....#
#.#.### #.#. #
#


You could see an ogre (drained).

Vanquished Creatures
  5 adders
  A worm (D:2)
  A dart slug (D:2)
  An orc (D:3)
  8 endoplasms
  4 giant cockroaches
  5 goblins
  6 hobgoblins
  5 jackals
  A quokka (D:1)
  10 ball pythons
  2 bats (D:1)
  2 frilled lizards
  8 kobolds
  4 rats
63 creatures vanquished.

Notes
Turn   | Place    | Note
-------+----------+-------------------------------------------
     0 | D:1      | Descartes the Formicid Warper began the quest for the Orb.
     0 | D:1      | Reached XP level 1. HP: 16/16 MP: 3/3
   303 | D:1      | Reached XP level 2. HP: 6/22 MP: 5/5
   307 | D:1      | Reached skill level 3 in Translocations
  1151 | D:1      | Reached XP level 3. HP: 16/27 MP: 6/6
  2178 | D:2      | Found a white marble altar of Elyvilon.
  2522 | D:2      | Reached XP level 4. HP: 17/33 MP: 7/7
  2891 | D:2      | Found a faded altar of an unknown god.
  3688 | D:3      | Reached XP level 5. HP: 36/38 MP: 8/8
  3862 | D:3      | Reached skill level 4 in Translocations
  4169 | D:4      | Noticed an ogre
  4178 | D:4      | Slain by an ogre

Illustrated notes

Levels and vault maps discovered:
D:1:      lemuel_arrival_room, layout_basic, minmay_cupped
D:2:      layout_loops_ring, basic_altar, basic_ecumenical_altar
D:3:      layout_rooms, hangedman_decor_riveting
D:4:      layout_loops_corners, nicolae_overflow_crystal_walls,
          grunt_temple_overflow_open, nicolae_elemental_shop, uniq_sigmund

Skill      XL: |  1  2  3  4  5 |
---------------+----------------+-----
Translocations | 3 4 |  4.0
Armour         | 2 3 |  3.6
Fighting       | |  2.1
Maces & Flails | |  2.0
Throwing       | |  1.0
Dodging        | |  1.7
Spellcasting   | |  2.1

Action                   |  1- 3 |  4- 6 || total
-------------------------+-------+-------++-------
Melee: Mace              |   107 |       ||   107
       Short sword       |    26 |    56 ||    82
       Falchion          |       |    21 ||    21
Armor: Leather armour    |    34 |     8 ||    42
       Scale mail        |       |    12 ||    12
Dodge: Dodged            |    88 |    41 ||   129
Block: Other             |    15 |    12 ||    27
       Rpst.: Falchion   |       |     2 ||     2
